 Dungeon Crawl Stone Soup version 0.26-a0-682-g294304f6e8 (webtiles) character file.

Game seed: 7438396803762489048

13750 miscthings the Fighter (level 12, -3/83 (84) HPs)
             Began as a Kobold Berserker on Oct 22, 2020.
             Was the Champion of Trog.
             Slain by an orc warrior
             ... wielding a cursed -2 scimitar
              (14 damage)
             ... while paralysed by an orc sorcerer
             ... on level 2 of the Orcish Mines.
             The game lasted 00:20:55 (11567 turns).

miscthings the Fighter (Kobold Berserker)          Turns: 11567, Time: 00:20:56

HP:   -3/83 (84)    AC: 12    Str: 15    XL:     12   Next: 36%
MP:   12/12         EV:  3    Int: 12    God:    Trog [******]
Gold: 1235          SH:  0    Dex: 15    Spells: 11/11 levels left

rFire    + . .     SeeInvis +   F - +6 quick blade (vorpal)
rCold    . . .     Faith    .   (shield restricted)
rNeg     . . .     Spirit   .   k - +0 troll leather armour
rPois    .         Reflect  .   e - +2 hat {SInv}
rElec    .         Harm     .   K - +0 cloak
rCorr    +         Rampage  .   L - +1 pair of gloves
MR       .....                  H - +2 pair of boots {Fly}
Stlth    ++++++....             r - amulet of regeneration
HPRegen  1.03/turn              D - ring of protection from fire
MPRegen  0.13/turn              n - ring of resist corrosion

@: paralysed, berserk cooldown, flying, slowed, lightly drained
A: small, nightstalker 3
a: Berserk, Trog's Hand, Brothers in Arms, Renounce Religion, Stop Flying


You were on level 2 of the Orcish Mines.
You worshipped Trog.
Trog was exalted by your worship.
You visited 3 branches of the dungeon, and saw 14 of its levels.
You also visited: Ossuary and Bailey.

You collected 1235 gold pieces.

Inventory:

Hand Weapons
 q - a +3 dagger of speed
 F - a +6 vorpal quick blade (weapon)
Missiles
 B - 16 curare-tipped darts (quivered)
Armour
 e - a +2 hat of see invisible (worn)
 k - a +0 troll leather armour (worn)
 H - a +2 pair of boots of flying (worn)
 K - a +0 cloak (worn)
 L - a +1 pair of gloves (worn)
Jewellery
 n - a ring of resist corrosion (right hand)
 r - an amulet of regeneration (around neck)
 D - a ring of protection from fire (left hand)
Wands
 f - a wand of iceblast (5)
 t - a wand of polymorph (7)
 z - a wand of flame (13)
 I - a wand of enslavement (7)
Scrolls
 a - 4 scrolls of enchant armour
 c - 4 scrolls of remove curse
 p - 4 scrolls of teleportation
 s - 4 scrolls of fear
 u - a scroll of blinking
 x - a scroll of summoning
 y - 2 scrolls of immolation
 C - a scroll of fog
 E - a scroll of holy word
 J - a scroll of amnesia {unknown}
Potions
 b - 2 potions of cancellation
 d - 2 potions of magic
 g - 7 potions of lignification
 h - 2 potions of stabbing
 i - 4 potions of heal wounds
 j - 8 potions of curing
 l - 2 potions of haste
 m - 7 potions of flight
 o - 2 potions of mutation
 v - 4 potions of brilliance
 w - a potion of invisibility
 G - a potion of resistance
Miscellaneous
 A - a condenser vane (2/2)


   Skills:
 * Level 13.2(12.5) Fighting
 - Level 10.5(9.8) Short Blades
 - Level 5.0(4.4) Throwing
 - Level 1.5(1.0) Armour
 + Level 10.4(9.8) Dodging
 + Level 11.9(11.2) Stealth


You had 11 spell levels left.
You didn't know any spells.
Your spell library contained the following spells:

 Spells                   Type           Power        Failure   Level
 Animate Skeleton         Necr           #.....       38%         1
 Apportation              Tloc           #.....       38%         1
 Corona                   Hex            #......      38%         1
 Summon Small Mammal      Summ           #...         38%         1


Dungeon Overview and Level Annotations

Branches:
Dungeon (11/15)            Temple (1/1) D:7            Lair (0/6) D:8
    Orc (2/2) D:11        Ossuary (visited)          Bailey (visited)
    Elf: Orc:2

Altars:
Cheibriados
Dithmenos
Gozag
Okawaru
Qazlal
Trog
Uskayaw
Wu Jian
Xom
Yredelemnul
Zin
The Shining One

Shops:
D:10 (


Innate Abilities, Weirdness & Mutations

You are small and have problems with some larger weapons.
You are completely attuned to the shadows.


Message History

The orc sorcerer hits you but does no damage.
An orc sorcerer comes into view. It is wielding a +0 dagger.
The orc hits you from afar with a +0 trident.
The ogre hits you with a cursed -3 giant spiked club!
An orc warrior comes into view.
It is wielding a +0 long sword and quivering 4 boomerangs of dispersal.
The orc warrior hits you with a cursed -2 scimitar.
* * * LOW HITPOINT WARNING * * *
The orc sorcerer hits you but does no damage.
The orc priest calls down the wrath of Beogh upon you.
Beogh smites you!
* * * LOW HITPOINT WARNING * * *
The orc hits you from afar with a +0 trident.
* * * LOW HITPOINT WARNING * * *
The orc sorcerer shouts!
You hear a shout!
You hear a shout!
The orc priest hits you but does no damage.
The orc sorcerer hits you but does no damage.
The ogre hits you but does no damage.
The orc warrior hits you with a cursed -2 scimitar!
You die...

#.#......
...#......
#........o.
....#.o....
.....ooO...
.....o@)...
...)o..........
...).)..o.........
..................
......).).........
..#...#.).........
.#####....)..<....
#............
..............


You could see 2 orc sorcerers, 2 orc warriors, an ogre, an orc priest and 2
orcs.

Vanquished Creatures
  2 two-headed ogres
  Urug (Orc:2)
  An unseen horror (D:10)
  An orc knight (Bailey)
  2 trolls
  Grinder (D:4)
  A hornet (D:9)
  A wraith (D:11)
  4 wyverns
  16 yaks
  7 water moccasins
  3 ice beasts
  14 orc warriors
  2 sky beasts
  A black bear (D:6)
  2 necrophages
  5 ogres
  2 centaurs
  A big kobold (D:9)
  3 bullfrogs
  11 scorpions (Ossuary)
  13 killer bees
  3 wights (D:8)
  A howler monkey (D:7)
  2 bullfrog zombies
  2 human zombies (Ossuary)
  2 quasits
  3 centaur zombies (Ossuary)
  2 hounds
  9 orc priests
  4 bullfrog skeletons
  17 orc wizards
  A centaur skeleton (D:7)
  2 iguanas
  Ijyb (D:4)
  5 worker ants
  4 big kobold zombies (Ossuary)
  A hound zombie (D:6)
  A hound skeleton (D:6)
  4 mummies
  17 gnolls
  3 scorpion zombies (Ossuary)
  16 adders
  2 shadow imps
  3 ufetubi
  An ooze (D:2)
  An adder zombie (D:10)
  2 adder skeletons
  6 worms
  3 dart slugs
  4 leopard geckos
  76 orcs
  3 giant cockroaches
  12 goblins
  9 hobgoblins
  11 jackals
  27 kobolds
  3 quokkas
  A ball python (D:2)
  11 bats
  3 frilled lizards
  A gnoll zombie (Ossuary)
  2 goblin skeletons (D:6)
  5 goblin zombies
  5 hobgoblin zombies
  4 kobold zombies
  An orc skeleton (D:6)
  3 orc zombies
  A quokka zombie (D:7)
  10 rats
404 creatures vanquished.

Vanquished Creatures (others)
  An orc (Orc:2)
  3 fungi (D:8)
  8 plants (D:8)
12 creatures vanquished.

Grand Total: 416 creatures vanquished

Notes
Turn   | Place    | Note
-------+----------+-------------------------------------------
     0 | D:1      | miscthings the Kobold Berserker began the quest for the
                  | Orb.
     0 | D:1      | Reached XP level 1. HP: 14/14 MP: 1/1
    63 | D:1      | Reached XP level 2. HP: 19/19 MP: 2/2
   141 | D:1      | Reached skill level 5 in Short Blades
   409 | D:1      | Reached XP level 3. HP: 19/23 MP: 3/3
   828 | D:2      | Reached ** piety under Trog
   999 | D:2      | Reached XP level 4. HP: 25/28 MP: 4/4
  1815 | D:3      | Found an iron altar of Okawaru.
  1856 | D:3      | Reached XP level 5. HP: 28/32 MP: 5/5
  1981 | D:3      | Reached *** piety under Trog
  2140 | D:3      | Reached XP level 6. HP: 23/37 MP: 6/6
  2216 | D:3      | Noticed a sky beast
  2236 | D:3      | Killed a sky beast
  2705 | D:4      | Reached XP level 7. HP: 20/41 MP: 7/7
  2717 | D:4      | Reached skill level 1 in Throwing
  2717 | D:4      | Reached skill level 1 in Stealth
  2733 | D:4      | Found a sand-covered staircase.
  2771 | Ossuary  | Entered an ossuary
  2847 | Ossuary  | Reached skill level 4 in Fighting
  2987 | Ossuary  | Reached XP level 8. HP: 38/48 MP: 8/8
  3216 | Ossuary  | Reached skill level 10 in Short Blades
  3218 | Ossuary  | Reached **** piety under Trog
  3347 | Ossuary  | Reached skill level 5 in Fighting
  3812 | D:4      | Noticed Ijyb
  3822 | D:4      | Killed Ijyb
  4058 | D:4      | Noticed Grinder
  4063 | D:4      | Killed Grinder
  4063 | D:4      | Reached skill level 6 in Fighting
  4063 | D:4      | Reached XP level 9. HP: 55/55 MP: 9/9
  4254 | D:4      | You fall into a shaft and drop 2 floors!
  4270 | D:6      | Found a hide-covered altar of Uskayaw.
  4318 | D:6      | Reached skill level 5 in Stealth
  4320 | D:6      | Reached skill level 5 in Dodging
  4404 | D:5      | Entered Level 5 of the Dungeon
  4694 | D:5      | Reached skill level 7 in Fighting
  5138 | D:4      | Reached ***** piety under Trog
  5405 | D:4      | Found a basalt altar of Yredelemnul.
  5516 | D:4      | Found a bloodstained altar of Trog.
  5747 | D:6      | Found a glowing golden altar of the Shining One.
  6701 | D:7      | Reached skill level 5 in Throwing
  6759 | D:7      | Reached skill level 8 in Fighting
  6845 | D:7      | Found a staircase to the Ecumenical Temple.
  6851 | Temple   | Entered the Ecumenical Temple
  7072 | D:8      | Reached XP level 10. HP: 64/64 MP: 10/10
  7126 | D:8      | Found a stormy altar of Qazlal.
  7263 | D:8      | Reached skill level 9 in Fighting
  7636 | D:8      | Found a staircase to the Lair.
  7647 | D:8      | Reached skill level 10 in Fighting
  8010 | D:9      | Reached XP level 11. HP: 73/73 MP: 11/11
  8077 | D:9      | Received a gift from Trog
  8236 | D:9      | Reached skill level 11 in Fighting
  8328 | D:9      | Reached skill level 10 in Stealth
  8449 | D:9      | Noticed a two-headed ogre
  8457 | D:9      | Killed a two-headed ogre
  8513 | D:9      | Found an opulent altar of Gozag.
  8706 | D:10     | Entered Level 10 of the Dungeon
  8828 | D:10     | Noticed an unseen horror
  8842 | D:10     | Killed an unseen horror
  8842 | D:10     | Reached skill level 12 in Fighting
  9588 | D:10     | Found Zaptoire's Antique Weapon Boutique.
  9906 | D:11     | Noticed a two-headed ogre
  9910 | D:11     | Killed a two-headed ogre
  9910 | D:11     | Reached XP level 12. HP: 82/82 MP: 12/12
  9934 | D:11     | Found a flagged portal.
  9940 | Bailey   | Entered a bailey
  9998 | Bailey   | Received a gift from Trog
 10132 | Bailey   | Reached skill level 10 in Dodging
 10508 | D:11     | Found a staircase to the Orcish Mines.
 10615 | D:11     | Reached ****** piety under Trog
 11289 | Orc:1    | Entered Level 1 of the Orcish Mines
 11399 | Orc:1    | Received a gift from Trog
 11399 | Orc:1    | Reached skill level 13 in Fighting
 11510 | Orc:2    | Entered Level 2 of the Orcish Mines
 11546 | Orc:2    | Noticed Urug
 11560 | Orc:2    | Killed Urug
 11561 | Orc:2    | Paralysed by an orc sorcerer for 6 turns
 11567 | Orc:2    | Slain by an orc warrior

Illustrated notes

Levels and vault maps discovered:
D:1:      lightli_iron_boxes, layout_loops_ring, minmay_misc_feat_encased
D:2:      layout_basic
D:3:      layout_rooms, okawaru_altar_gauntlet_db, grunt_ministairs_3
D:4:      layout_gridville, yredelemnul_altar_generic, kennysheep_little_box,
          nicolae_ossuary_entry_giza, minmay_misc_feat_square,
          ebering_dispersal_statue_hall, uniq_grinder, uniq_ijyb
D:5:      layout_basic
D:6:      layout_cave_pods, old_standard_altar, kennysheep_another_room,
          nicolae_tso_besieged_by_evil
D:7:      layout_basic, minmay_temple_entry_junction
D:8:      layout_rooms, minmay_lair_entry_grove, minmay_misc_feat_diagonals,
          grunt_qazlal_sundering
D:9:      layout_roguey, nicolae_gozag_seed_capital
D:10:     layout_grid_maze, serial_shops, shop_coins
D:11:     layout_loops_corners, hiddenorc2_lemuel, enter_bailey_2,
          hangedman_glass_teeth
Temple:   nicolae_temple_elliptical
Orc:1:    layout_caves
Orc:2:    st_orc_rangers, layout_caves, ebering_ghost_xom, uniq_urug

Skill      XL: |  1  2  3  4  5  6  7  8  9 10 11 12 |
---------------+-------------------------------------+-----
Short Blades   | 5 6 7 8 9 10 | 10.5
Throwing       | 2 3 5 |  5.0
Stealth        | 2 4 6 9 11 | 11.9
Fighting       | 4 6 8 10 12 13 | 13.2
Dodging        | 3 4 6 8 9 10 | 10.4
Armour         | |  1.5

Action                   |  1- 3 |  4- 6 |  7- 9 | 10-12 || total
-------------------------+-------+-------+-------+-------++-------
Melee: Short sword       |   102 |   180 |    10 |       ||   292
       Dagger            |       |       |   545 |   333 ||   878
       Quick blade       |       |       |       |   498 ||   498
Throw: Dart              |       |       |     1 |     4 ||     5
Invok: Berserk           |     1 |     7 |    13 |    15 ||    36
       Trog's Hand       |       |       |     1 |       ||     1
  Use: Scroll            |       |     1 |    18 |     6 ||    25
       Potion            |       |       |       |     1 ||     1
 Stab: Sleeping          |     9 |     9 |    26 |    40 ||    84
       Distracted        |       |     1 |       |     3 ||     4
Armor: Animal skin       |    14 |    27 |    14 |       ||    55
       Leather armour    |       |       |    42 |    10 ||    52
       Troll leather arm |       |       |       |    41 ||    41
Dodge: Dodged            |    54 |   106 |   196 |   329 ||   685

Table legend: (Time is in decaauts)
 A = Elapsed time spent in this place.
 B = Non-inter-level travel time spent in this place.
 C = Inter-level travel time spent in this place.
 D = Time resting spent in this place.
 E = Time spent auto-exploring this place.
 F = Levels seen in this place.
 G = Mean time per level.
                   A        B        C        D        E       F      G
               +--------+--------+--------+--------+--------+-----+--------+
         Total |  10882 |  10531 |    351 |   1700 |   6465 |  16 |  680.1 |
       Dungeon |   9418 |   9093 |    325 |   1134 |   6157 |  11 |  856.2 |
        Temple |     31 |     15 |     16 |      0 |     15 |   1 |   31.0 |
  Orcish Mines |    169 |    160 |      9 |      4 |     70 |   2 |   84.5 |
       Ossuary |    881 |    881 |      0 |    509 |     45 |   1 |  881.0 |
        Bailey |    381 |    381 |      0 |     52 |    178 |   1 |  381.0 |
               +--------+--------+--------+--------+--------+-----+--------+

Top non-repeatable levels by time:
     D:3: 1277 daAuts
     D:4: 1082 daAuts
    D:10: 1045 daAuts
    D:11: 1012 daAuts
     D:6: 1003 daAuts
 Ossuary: 881 daAuts
     D:1: 789 daAuts
     D:9: 721 daAuts
     D:8: 712 daAuts
     D:5: 607 daAuts
     D:2: 585 daAuts
     D:7: 580 daAuts
  Bailey: 381 daAuts
   Orc:1: 141 daAuts
  Temple: 31 daAuts
